 Dungeon Crawl Stone Soup version 0.20-a0-472-g5c05303 (webtiles) character file.

75 Kurtz the Cudgeler (level 3, 0/29 HPs)
             Began as a Demigod Gladiator on Jan 14, 2017.
             Killed from afar by Natasha (9 damage)
             ... with a magic dart
             ... on level 2 of the Dungeon.
             The game lasted 00:01:08 (809 turns).

Kurtz the Cudgeler (Demigod Gladiator)               Turns: 809, Time: 00:01:08

Health: 0/29       AC: 11    Str: 17    XL:     3   Next: 88%
Magic:  5/5        EV:  6    Int: 12    God:
Gold:   92         SH:  0    Dex: 19    Spells: 2/2 levels left

rFire  . . .     SeeInvis .     a - +0 flail
rCold  . . .     Gourm    .     o - +0 plate armour
rNeg   . . .     Faith    .     (no shield)
rPois  +         Spirit   .     c - +0 helmet
rElec  .         Reflect  .     (no cloak)
rCorr  .         Harm     .     (no gloves)
MR     .....                    (no boots)
Stlth  ..........               (no amulet)
                                (no ring)
                                k - ring of poison resistance

@: no status effects
A: high mp 1
a: no special abilities


You were on level 2 of the Dungeon.
You were not hungry.

You visited 1 branch of the dungeon, and saw 2 of its levels.

You collected 92 gold pieces.

Inventory:

Hand Weapons
 a - a +0 flail (weapon)
Missiles
 d - 3 throwing nets (quivered)
Armour
 b - a +0 leather armour
 c - a +0 helmet (worn)
 o - a +0 plate armour (worn)
Jewellery
 k - a ring of poison resistance (left hand)
Scrolls
 e - 3 scrolls of identify {unknown}
 h - a scroll of recharging {unknown}
 i - 2 scrolls of remove curse {unknown}
 n - 2 scrolls of blinking {unknown}
 p - a scroll of teleportation {unknown}
Potions
 q - a potion of brilliance {unknown}
 r - a potion of magic {unknown}
Comestibles
 f - a bread ration
 g - 8 chunks of flesh
 j - a meat ration
 l - 2 slices of pizza
 m - 3 fruits


   Skills:
 + Level 1.7 Fighting
 * Level 4.4 Maces & Flails
 - Level 1.7 Throwing
 * Level 0.6 Armour
 - Level 2.6 Dodging


You had 2 spell levels left.
You didn't know any spells.

Dungeon Overview and Level Annotations

Branches:
Dungeon (2/15)

Annotations:
D:2 Natasha


Innate Abilities, Weirdness & Mutations

You have an increased reservoir of magic. (+10% MP)


Message History

The shadow imp is severely wounded.
The shadow imp hits you but does no damage.
The worm bites you. The shadow imp hits you.
Your plate armour prevents you from hitting the shadow imp.
The shadow imp is severely wounded.
The shadow imp barely misses you. The worm bites you.
Your plate armour prevents you from hitting the shadow imp.
The shadow imp is severely wounded.
The shadow imp hits you but does no damage.
The worm bites you!
* * * LOW HITPOINT WARNING * * *
There is an open door here.
You closely miss the shadow imp.
The shadow imp is severely wounded.
The shadow imp disappears in a puff of smoke!
Natasha claws you.
* * * LOW HITPOINT WARNING * * *
Natasha stares at you and mumbles some strange words.
The magic dart hits you!
You die...

###.# #.........#.#. ..#.#
#....#....#.#. #.#.#
#....+..#.#.#. #.#.#
#....#....#.#. #### #.#.#
#....#....#.#. ...#
#.#.##########.........#.#. ...#
#.#.##.............#...#.#.
...####.#.##.#.............#.#.#.
............[...@...>..#.#.#.#.#.
...####.#.##.#.#h#......÷#.#...#.
.†.'....w.w....#.#.####..#.#####.
...####........#..........<......
...# ######...###.##############
...+ ...........................
...# #######.####.##############
.... ...........#.# ..##
#######.##.#.#


You could see Natasha.

Vanquished Creatures
  Ijyb (D:2)
  2 adders (D:2)
  A worm (D:2)
  2 dart slugs
  2 leopard geckos (D:2)
  2 bats (D:1)
  A giant cockroach (D:2)
  3 goblins (D:1)
  6 hobgoblins
  A ball python (D:2)
  A frilled lizard (D:2)
  A kobold (D:1)
  2 rats (D:2)
25 creatures vanquished.

Notes
Turn   | Place    | Note
-------+----------+-------------------------------------------
     0 | D:1      | Kurtz the Demigod Gladiator began the quest for the Orb.
     0 | D:1      | Reached XP level 1. HP: 17/17 MP: 3/3
    32 | D:1      | Reached skill level 3 in Maces & Flails
   136 | D:1      | Reached XP level 2. HP: 24/24 MP: 4/4
   641 | D:2      | Reached XP level 3. HP: 29/29 MP: 5/5
   655 | D:2      | Reached skill level 4 in Maces & Flails
   729 | D:2      | Noticed Ijyb
   739 | D:2      | Killed Ijyb
   778 | D:2      | Noticed Natasha
   809 | D:2      | Killed from afar by Natasha

Vault maps used:
D:1:      minmay_arrival_stone_box, nrook_mini_backslash
D:2:      chequers_ecumenical_altar_simple, minmay_three_crescents, uniq_iyjb,
          uniq_natasha

Skill      XL: |  1  2  3 |
---------------+----------+-----
Maces & Flails | 3 4 |  4.4
Fighting       | |  1.7
Throwing       | |  1.7
Armour         | |  0.6
Dodging        | |  2.6

Action                   || total
-------------------------++-------
Melee: Flail             ||    98
  Use: Potion            ||     1
Armor: Leather armour    ||     9
       Plate armour      ||    59
Dodge: Dodged            ||    31
